[Event "Titled Tuesday Blitz July 25 Early 2023"]
[White "Cheer_Down"]
[Black "Luxama, Jacques Muller"]
[BlackFideId "11900113"]
[WhiteElo "2453"]
[BlackElo "2214"]
[Result "1/2-1/2"]
[Round "6"]
[TimeControl "180+2"]
[Date "2023.07.25"]
[WhiteClock "0:01:24"]
[BlackClock "0:01:16"]
[Board "53"]

1. e4 e6 2. d4 d5 3. Nc3 dxe4 4. Nxe4 Nd7 5. Nf3 Ngf6 6. Nxf6+ Nxf6 7. g3 Be7 8. Bg2 O-O 9. O-O c5 10. Be3 Qc7 11. Bf4 Qb6 12. dxc5 Bxc5 13. Ne5 Rd8 14. Qe2 Nd7 15. c4 Nxe5 16. Bxe5 Bd7 17. Rad1 Bc6 18. Qg4 Bf8 19. b3 Bxg2 20. Kxg2 Rxd1 21. Rxd1 Rd8 22. Rxd8 Qxd8 23. Qf3 Qd7 24. Bc3 f6 25. Qe4 a6 26. Qd4 Qc6+ 27. f3 Kf7 28. Qe4 Qxe4 29. fxe4 Bc5 30. g4 Kg6 31. Kf3 Kg5 32. Be1 h5 33. h3 hxg4+ 34. hxg4 f5 35. Bd2+ Kg6 1/2-1/2


[Site "https://www.chess.com"]

[Event "Titled Tuesday Blitz July 25 Early 2023"]
[White "Ibarra Jerez, Jose Carlos"]
[Black "Ahmad, Khagan"]
[WhiteFideId "2226332"]
[BlackFideId "13431552"]
[WhiteElo "2925"]
[BlackElo "2592"]
[Result "1-0"]
[Round "6"]
[TimeControl "180+2"]
[Date "2023.07.25"]
[WhiteClock "0:01:11"]
[BlackClock "0:00:20"]
[Board "54"]

1. e4 c5 2. Nf3 d6 3. c3 Nf6 4. h3 g6 5. Bd3 Bg7 6. Bc2 O-O 7. O-O Nc6 8. d4 cxd4 9. cxd4 d5 10. e5 Ne4 11. Nc3 Bf5 12. Ne2 h5 13. Nh4 e6 14. Nxf5 gxf5 15. Nf4 h4 16. Nh5 Kh7 17. f3 Ng3 18. Nxg3 hxg3 19. f4 Qh4 20. Be3 f6 21. Rf3 Bh6 22. Qe1 fxe5 23. Rxg3 exf4 24. Rg7+ Kxg7 25. Qxh4 fxe3 26. Re1 Rf6 27. g4 Rg6 28. Kh1 f4 29. Bxg6 Kxg6 30. Qh5+ Kg7 31. g5 Rh8 32. gxh6+ Rxh6 33. Rg1+ 1-0


[Site "https://www.chess.com"]

[Event "Titled Tuesday Blitz July 25 Early 2023"]
[White "Zhigalko, Sergei"]
[Black "Gamayev, Oleg"]
[WhiteFideId "13502956"]
[BlackFideId "2802813"]
[WhiteElo "2880"]
[BlackElo "2584"]
[Result "1/2-1/2"]
[Round "6"]
[TimeControl "180+2"]
[Date "2023.07.25"]
[WhiteClock "0:00:12"]
[BlackClock "0:00:39"]
[Board "55"]

1. e4 d6 2. d4 Nf6 3. Nc3 e5 4. Nf3 exd4 5. Qxd4 Nc6 6. Bb5 Bd7 7. Bxc6 Bxc6 8. Bg5 Be7 9. O-O-O O-O 10. Rhe1 Re8 11. Kb1 h6 12. Bh4 Ng4 13. Bxe7 Qxe7 14. Qd2 Ne5 15. Nd4 Qf6 16. f4 Ng6 17. g3 a6 18. h4 Nf8 19. g4 Ne6 20. Nf5 Nc5 21. Nd5 Bxd5 22. Qxd5 c6 23. Qxd6 Nxe4 24. Qc7 Nd2+ 25. Kc1 Nc4 26. c3 Rxe1 27. Rxe1 Qd8 28. Qxd8+ Rxd8 29. b3 Nb6 30. c4 Nc8 31. h5 Kh7 32. Kc2 g6 33. hxg6+ fxg6 34. Nh4 g5 35. fxg5 hxg5 36. Nf3 Kg6 37. Re5 Kf6 38. Rf5+ Ke6 39. Nxg5+ Ke7 40. Rf7+ Ke8 41. Rxb7 Rd4 42. Rc7 Ne7 43. Ne6 Rxg4 44. Ra7 Rg2+ 45. Kb1 Nf5 46. Rxa6 Kd7 47. Nc5+ Kd6 48. Nd3 Nd4 49. Ra8 Rg1+ 50. Kb2 Rg2+ 51. Kc3 c5 52. Rd8+ Kc7 53. Rxd4 cxd4+ 54. Kxd4 Rxa2 55. Nb4 Rb2 56. Kc3 Rh2 57. Nd5+ Kd6 58. Kb4 Rh8 59. Nc3 Rb8+ 60. Nb5+ Kc6 61. Ka4 Kc5 62. Ka3 Rxb5 63. cxb5 Kxb5 64. b4 Kb6 65. Ka4 Ka6 66. b5+ Kb6 67. Kb4 Kb7 68. Kc5 Kc7 69. b6+ Kb7 70. Kb5 Kb8 71. Kc5 Kb7 72. Kb5 Kb8 73. Ka6 Ka8 74. b7+ Kb8 75. Kb6 1/2-1/2


[Site "https://www.chess.com"]

[Event "Titled Tuesday Blitz July 25 Early 2023"]
[White "Al-Tarboush, Ward"]
[Black "Ilamparthi A R"]
[WhiteFideId "7601450"]
[BlackFideId "45015775"]
[WhiteElo "2583"]
[BlackElo "2842"]
[Result "0-1"]
[Round "6"]
[TimeControl "180+2"]
[Date "2023.07.25"]
[WhiteClock "0:00:00"]
[BlackClock "0:00:09"]
[Board "56"]

1. e4 c5 2. Nf3 e6 3. d4 cxd4 4. Nxd4 Nf6 5. Nc3 Nc6 6. Bf4 Bb4 7. Nb5 Nxe4 8. Qf3 d5 9. Nc7+ Kf8 10. Nxa8 e5 11. Bd2 Nd4 12. Qd1 Qh4 13. g3 Qf6 14. Nxe4 Nf3+ 15. Qxf3 Qxf3 16. Bxb4+ Kg8 17. Nd6 Qxh1 18. O-O-O Be6 19. Nc7 Qxh2 20. Nxd5 Bxd5 21. Rxd5 Qxf2 22. Bc4 Qe3+ 23. Kd1 h5 24. Nxf7 Qg1+ 25. Kd2 Kxf7 26. Rd6+ Ke8 27. Bb5+ Ke7 28. Rh6+ Kd8 29. Rxh8+ Kc7 30. Bc3 Qxg3 31. Rf8 h4 32. Rf5 Qg2+ 33. Be2 e4 34. Rf7+ Kc6 35. Rxg7 Qf2 36. Rg6+ Kd7 37. Rg7+ Ke6 38. Rg6+ Ke7 39. Rf6 Qg3 40. Rf5 h3 41. Be5 e3+ 42. Kd3 Qg6 43. Ke4 Qg2+ 44. Kxe3 h2 45. Bf3 Qg1+ 46. Ke4 Qe1+ 47. Kf4 h1=Q 48. Bxh1 Qxh1 49. Rg5 Qh2+ 50. Kf5 Qxc2+ 51. Kf4 Ke6 52. Bc3 Qc1+ 53. Kg4 Qd1+ 54. Kf4 b5 55. Re5+ Kd6 56. Re4 Qf1+ 57. Ke3 Kc6 58. Rf4 Qg1+ 59. Kd3 Qg3+ 60. Ke4 a5 61. Rf6+ Kc5 62. Rf5+ Kc4 63. Rf4 b4 64. Ke5+ Kb5 0-1


[Site "https://www.chess.com"]

[Event "Titled Tuesday Blitz July 25 Early 2023"]
[White "Roebers, Eline"]
[Black "Oro, Faustino"]
[WhiteFideId "1058401"]
[BlackFideId "20000197"]
[WhiteElo "2577"]
[BlackElo "2841"]
[Result "0-1"]
[Round "6"]
[TimeControl "180+2"]
[Date "2023.07.25"]
[WhiteClock "0:00:00"]
[BlackClock "0:00:37"]
[Board "57"]

1. e4 e5 2. Nf3 Nc6 3. Nc3 Nf6 4. a3 g6 5. d4 exd4 6. Nxd4 Bg7 7. Be3 O-O 8. f3 Re8 9. Bc4 d5 10. Bb5 Bd7 11. Nxc6 Bxc6 12. Bxc6 bxc6 13. O-O dxe4 14. Qxd8 Raxd8 15. Bxa7 exf3 16. Rxf3 Ng4 17. Raf1 f5 18. h3 Ne5 19. Rf4 Rd2 20. R1f2 Red8 21. Bc5 Bh6 22. Rxd2 Rxd2 23. Rf2 Rd8 24. Re2 Bg7 25. Na4 Rd1+ 26. Kh2 Nc4 27. b3 Nd2 28. g4 f4 29. Re8+ Kf7 30. Re7+ Kf6 31. g5+ Kxg5 32. Rxg7 Nf3+ 33. Kg2 Nh4+ 34. Kf2 Rd2+ 35. Ke1 Nf3+ 36. Kf1 h5 37. Nc3 Rxc2 38. Ne4+ Kf5 39. Re7 g5 0-1


[Site "https://www.chess.com"]

[Event "Titled Tuesday Blitz July 25 Early 2023"]
[White "KhalilMousavi98"]
[Black "Vovk, Orest"]
[BlackFideId "14113490"]
[WhiteElo "2840"]
[BlackElo "2575"]
[Result "1/2-1/2"]
[Round "6"]
[TimeControl "180+2"]
[Date "2023.07.25"]
[WhiteClock "0:00:03"]
[BlackClock "0:00:05"]
[Board "58"]

1. e4 g5 2. Ke2 d5 3. Ke3 dxe4 4. Kxe4 Nc6 5. c3 Nf6+ 6. Ke3 Nd5+ 7. Ke2 Nf4+ 8. Ke1 Nd3+ 9. Bxd3 Qxd3 10. Qe2 Qd5 11. Qf3 Qe5+ 12. Qe2 Qd5 13. Qf3 Qe5+ 14. Qe3 Qd5 15. Nf3 g4 16. Nh4 h5 17. f4 Bg7 18. Rf1 Bf6 19. g3 Bxh4 20. gxh4 Qg2 21. Qf2 Qh3 22. d4 Bf5 23. Be3 O-O-O 24. Nd2 Rh6 25. Nb3 Re6 26. Kd2 b6 27. Rae1 a5 28. Kc1 a4 29. Nd2 Na5 30. Rg1 Kb8 31. Qg3 Qxg3 32. Rxg3 Bh7 33. Bf2 Rxe1+ 34. Bxe1 c5 35. dxc5 bxc5 36. Re3 e6 37. Re5 Nb7 38. Rxh5 Bf5 39. Rg5 Rh8 40. h5 f6 41. Rg7 Rxh5 42. Bg3 Nd6 43. Rd7 Ne4 44. Nxe4 Bxe4 45. Rf7 f5 46. Re7 Bd5 47. b3 axb3 48. axb3 Bxb3 49. Kd2 Bd5 50. Ke3 Rh8 51. Kd3 c4+ 52. Kd4 Rd8 53. Ke5 Be4 54. Kxe6 Rd3 55. Bh4 Rxc3 56. Bf6 Rb3 57. Be5+ Ka8 58. Kd6 Rb7 59. Re8+ Ka7 60. Bd4+ Ka6 61. Kc5 Rc7+ 62. Kb4 c3 63. Bxc3 Kb7 64. Bd4 Rc6 65. Bc5 Kc7 66. Re7+ Kd8 67. Rg7 Ke8 68. Bd4 Rc1 69. Ra7 Rc2 70. Rh7 Bd3 71. Be5 Rc4+ 72. Kb3 Rc2 73. Kb4 Be4 74. Kb5 Rc1 75. Kb6 Rc6+ 76. Kb5 Rc2 77. Bd4 Kf8 78. Be5 Kg8 79. Rh8+ Kf7 80. Rh7+ Kg6 81. Rh8 Kf7 82. Kb4 Kg6 83. Kb3 Rc6 84. Rg8+ Kf7 85. Rg7+ Kf8 86. Rh7 Rb6+ 87. Kc3 Rc6+ 88. Kd4 Kg8 89. Rh8+ Kf7 90. Rh7+ Kg8 91. Rg7+ Kf8 92. Rg5 Kf7 93. Rh5 Kg6 94. Rh8 Kf7 95. Ke3 Ra6 96. Kf2 Ra3 97. Rh7+ Kg8 98. Rh8+ Kf7 99. Rb8 Ke6 100. Rb6+ Kd5 101. Rd6+ Kc4 102. Rd4+ Kc5 103. Rd2 Rb3 104. Bd6+ Kc6 105. Be5 Rd3 106. Rc2+ Kd5 107. Rb2 Rf3+ 108. Kg1 Rd3 109. Kf2 Rf3+ 110. Kg1 Rd3 111. Kf2 1/2-1/2


[Site "https://www.chess.com"]

[Event "Titled Tuesday Blitz July 25 Early 2023"]
[White "Ibadov, Dashgyn"]
[Black "Harsh Suresh"]
[WhiteFideId "24107514"]
[BlackFideId "45018464"]
[WhiteElo "2572"]
[BlackElo "2836"]
[Result "0-1"]
[Round "6"]
[TimeControl "180+2"]
[Date "2023.07.25"]
[WhiteClock "0:00:09"]
[BlackClock "0:01:28"]
[Board "59"]

1. e4 c5 2. Nc3 e6 3. Nge2 a6 4. d4 cxd4 5. Nxd4 Qc7 6. Bd3 Nf6 7. Qe2 Nc6 8. Nxc6 bxc6 9. e5 Nd5 10. O-O Nxc3 11. bxc3 Be7 12. Qh5 g6 13. Qe2 O-O 14. Bh6 Re8 15. g3 Bb7 16. h4 c5 17. c4 d6 18. exd6 Qc6 19. f3 Qxd6 20. Kh2 Bxh4 21. f4 Bf6 22. Rad1 Qc7 23. Be4 Rad8 24. Rd3 Bxe4 25. Qe3 Rd4 26. Rxd4 cxd4 27. Qxe4 Qxc4 28. Rf3 Qxa2 29. Rb3 Qa5 30. Qc6 Rd8 31. Kh3 Qh5+ 0-1


[Site "https://www.chess.com"]

[Event "Titled Tuesday Blitz July 25 Early 2023"]
[White "Thecourseoisildur"]
[Black "Donchenko, Alexander"]
[BlackFideId "24603295"]
[WhiteElo "2570"]
[BlackElo "2825"]
[Result "0-1"]
[Round "6"]
[TimeControl "180+2"]
[Date "2023.07.25"]
[WhiteClock "0:00:37"]
[BlackClock "0:02:03"]
[Board "60"]

1. d4 Nf6 2. c4 g6 3. Nc3 Bg7 4. e4 d6 5. Be2 O-O 6. h4 c5 7. d5 e6 8. h5 exd5 9. exd5 Re8 10. h6 Bh8 11. Bg5 Qb6 12. Qb3 Nbd7 13. Qxb6 axb6 14. f3 Ne5 15. Kd2 Bd7 16. Nh3 Nh5 17. g4 Ng3 18. f4 Nxe2 19. fxe5 Nxc3 20. bxc3 Bxe5 21. Nf2 b5 22. cxb5 Bxb5 23. Rhb1 Ba6 24. Rb6 f6 25. Be3 Bxc3+ 26. Kxc3 Rxe3+ 27. Kd2 Re2+ 28. Kc3 Rxf2 29. Re1 Rd8 30. Re7 Rh2 31. Rg7+ Kh8 32. Rf7 Rxh6 33. Rxf6 Rh3+ 34. Kb2 Rh2+ 35. Ka3 Bc4 0-1


[Site "https://www.chess.com"]

[Event "Titled Tuesday Blitz July 25 Early 2023"]
[White "Gharibyan, Mamikon"]
[Black "Yurovskykh, Oleksandr"]
[WhiteFideId "13308300"]
[BlackFideId "14134020"]
[WhiteElo "2796"]
[BlackElo "2562"]
[Result "1-0"]
[Round "6"]
[TimeControl "180+2"]
[Date "2023.07.25"]
[WhiteClock "0:01:04"]
[BlackClock "0:00:19"]
[Board "61"]

1. e4 e6 2. d4 d5 3. e5 c5 4. c3 Qb6 5. Nf3 Nc6 6. Na3 cxd4 7. cxd4 Nh6 8. Nc2 Nf5 9. Bd3 Bd7 10. O-O Nfxd4 11. Nfxd4 Nxd4 12. Be3 Bc5 13. b4 Bxb4 14. Bxd4 Qa5 15. Qg4 Bf8 16. a4 g6 17. Rfb1 Bc6 18. Qg3 Be7 19. Ne3 O-O 20. Ng4 Rfc8 21. Nf6+ Bxf6 22. exf6 Qd8 23. a5 a6 24. Qf4 Qf8 25. h4 Bb5 26. Bxb5 axb5 27. Rxb5 Rc4 28. Qe3 h5 29. Bc5 Qd8 30. Be7 Qc7 31. Qh6 1-0


[Site "https://www.chess.com"]

[Event "Titled Tuesday Blitz July 25 Early 2023"]
[White "Kochiev, Ivan"]
[Black "Samunenkov, Ihor"]
[WhiteFideId "2917890"]
[BlackFideId "14187086"]
[WhiteElo "2555"]
[BlackElo "2793"]
[Result "0-1"]
[Round "6"]
[TimeControl "180+2"]
[Date "2023.07.25"]
[WhiteClock "0:00:00"]
[BlackClock "0:00:04"]
[Board "62"]

1. e4 c6 2. d4 d5 3. Nc3 dxe4 4. Nxe4 Bf5 5. Ng3 Bg6 6. Nf3 e6 7. h4 h6 8. h5 Bh7 9. Bd3 Bxd3 10. Qxd3 Nf6 11. Bf4 Bd6 12. Bxd6 Qxd6 13. O-O-O Nbd7 14. Kb1 O-O 15. Ne4 Nxe4 16. Qxe4 Nf6 17. Qe2 c5 18. g4 Nxg4 19. Rhg1 Nf6 20. Qe3 Kh8 21. dxc5 Qe7 22. Rg2 Rad8 23. Rdg1 Rg8 24. Ne5 Nd7 25. Rg6 Kh7 26. Qd3 Kh8 27. Qe3 Kh7 28. Qd3 f5 29. Qg3 Nxe5 30. Qxe5 Rde8 31. a3 a6 32. Qf4 Qf7 33. Qd6 Re7 34. Qe5 Qf8 35. Re1 Qf7 36. Rxe6 Rxe6 37. Qxe6 Qxh5 38. Qd7 Qf3 39. Qd4 Rf8 40. Qd2 Rf6 41. Re3 Qh1+ 42. Ka2 f4 43. Qd3+ Rg6 44. Re6 Qg2 45. Qe4 Qxe4 46. Rxe4 Rf6 47. Kb3 h5 48. Re5 Kh6 49. Kc4 h4 50. Kd3 h3 51. Re1 Kg5 52. Rh1 Kg4 53. Ke2 Re6+ 54. Kf1 g5 55. b4 Re4 56. f3+ Kxf3 57. Rxh3+ Kg4 58. Rd3 Rc4 59. c3 Re4 60. Kf2 Re7 61. a4 Rh7 62. b5 axb5 63. axb5 Rh2+ 64. Kg1 Rb2 65. b6 f3 66. Rd5 Kf4 67. Rd4+ Kg3 0-1


[Site "https://www.chess.com"]

[Event "Titled Tuesday Blitz July 25 Early 2023"]
[White "Hambleton, Aman"]
[Black "vishwa_vijeta"]
[WhiteFideId "2606577"]
[WhiteElo "2788"]
[BlackElo "2553"]
[Result "1-0"]
[Round "6"]
[TimeControl "180+2"]
[Date "2023.07.25"]
[WhiteClock "0:00:06"]
[BlackClock "0:00:09"]
[Board "63"]

1. d4 Nf6 2. Bf4 g6 3. Nc3 d5 4. e3 Bg7 5. h4 h5 6. Nf3 c5 7. Nb5 Na6 8. c3 O-O 9. a4 Ne4 10. Be2 Bg4 11. Ng5 Bxe2 12. Qxe2 Nxg5 13. hxg5 Qd7 14. g4 Qxg4 15. Qxg4 hxg4 16. Rh4 Rfe8 17. O-O-O Rac8 18. Nxa7 Rcd8 19. Rdh1 c4 20. Nb5 Rc8 21. Kc2 Nb8 22. Nc7 Red8 23. Nb5 Nc6 24. Rxg4 e5 25. dxe5 Nxe5 26. Bxe5 Bxe5 27. Rd1 Kg7 28. Rg2 Rd7 29. f4 Bb8 30. e4 Bxf4 31. Rg4 Be5 32. Rxd5 Re7 33. Nd6 Rc6 34. Nb5 Rc8 35. Nd4 Rh8 36. Nf3 Bb8 37. e5 Rh3 38. Rf4 Rg3 39. Rdd4 Rg2+ 40. Rd2 Rxd2+ 41. Kxd2 Bxe5 42. Nxe5 Rxe5 43. Rxc4 Rxg5 44. Rb4 Rg2+ 45. Ke3 Rg3+ 46. Kf2 Rh3 47. Rxb7 g5 48. a5 Kg6 49. a6 Rh8 50. a7 Ra8 51. b4 f5 52. b5 g4 53. b6 Kg5 54. Rb8 f4 55. Rxa8 g3+ 56. Kf3 Kf5 57. Rf8+ Ke6 58. a8=Q Kd6 59. Rf6+ Kc5 60. Qc6# 1-0


[Site "https://www.chess.com"]

[Event "Titled Tuesday Blitz July 25 Early 2023"]
[White "Nenezic, Marko"]
[Black "Souleidis, Georgios"]
[WhiteFideId "912123"]
[BlackFideId "4206827"]
[WhiteElo "2785"]
[BlackElo "2547"]
[Result "1-0"]
[Round "6"]
[TimeControl "180+2"]
[Date "2023.07.25"]
[WhiteClock "0:01:39"]
[BlackClock "0:00:16"]
[Board "64"]

1. d4 Nf6 2. c4 g6 3. Nc3 Bg7 4. e4 d6 5. Be2 O-O 6. Be3 e5 7. d5 Na6 8. h4 Nc5 9. Qc2 h5 10. f3 a5 11. O-O-O Bd7 12. Nh3 Nh7 13. Ng5 Nxg5 14. hxg5 f6 15. gxf6 Bxf6 16. Qd2 Rf7 17. g4 hxg4 18. fxg4 Qe7 19. Rh6 Be8 20. Rxg6+ Rg7 21. Rxg7+ Qxg7 22. g5 Be7 23. Bg4 Bg6 24. Rg1 Nxe4 25. Be6+ Kf8 26. Nxe4 Bxe4 27. g6 Ke8 28. Bh6 1-0


[Site "https://www.chess.com"]

[Event "Titled Tuesday Blitz July 25 Early 2023"]
[White "Vyatkin, Dmitry"]
[Black "Nagy, Gabor"]
[WhiteFideId "4171900"]
[BlackFideId "737119"]
[WhiteElo "2541"]
[BlackElo "2776"]
[Result "0-1"]
[Round "6"]
[TimeControl "180+2"]
[Date "2023.07.25"]
[WhiteClock "0:00:00"]
[BlackClock "0:00:30"]
[Board "65"]

1. d4 c6 2. c4 d5 3. Nf3 Nf6 4. g3 e6 5. Bg2 Be7 6. O-O Nbd7 7. Qc2 O-O 8. Nbd2 b6 9. e4 Ba6 10. b3 Rc8 11. e5 Ne8 12. Rd1 Nc7 13. a4 c5 14. Bb2 Nb8 15. a5 Nc6 16. axb6 axb6 17. cxd5 Nb4 18. Qe4 Bd3 19. Qg4 Ncxd5 20. dxc5 Bf5 21. Qh5 Bxc5 22. Nc4 Nd3 23. Bd4 Bg6 24. Qg4 h5 25. Qh4 Qxh4 26. gxh4 N5f4 27. Bxc5 Rxc5 28. Bf1 b5 29. Ne3 Nxe5 30. Nxe5 Rxe5 31. Rd4 Re4 32. Rxe4 Bxe4 33. Bxb5 Rb8 34. Bc4 g6 35. Kf1 Kg7 36. Ra4 Bf3 37. Ke1 Rd8 38. Ra1 e5 39. b4 f5 40. b5 Nd3+ 41. Kf1 f4 42. Nc2 Nc5 43. b6 Rd2 44. Na3 e4 45. Rb1 e3 46. fxe3 fxe3 47. Re1 Bg2+ 48. Kg1 Bb7 49. Rxe3 Kf6 50. Rf3+ Bxf3 0-1


[Site "https://www.chess.com"]

[Event "Titled Tuesday Blitz July 25 Early 2023"]
[White "Andreev, Konstantin"]
[Black "Tristan, Leonardo"]
[WhiteFideId "24239305"]
[BlackFideId "113816"]
[WhiteElo "2541"]
[BlackElo "2762"]
[Result "0-1"]
[Round "6"]
[TimeControl "180+2"]
[Date "2023.07.25"]
[WhiteClock "0:01:42"]
[BlackClock "0:01:01"]
[Board "66"]

1. e4 d5 2. exd5 Qxd5 3. Nc3 Qa5 4. d4 Nf6 5. Bc4 Bg4 6. Nf3 Nc6 7. Bd2 O-O-O 8. Nd5 Qa4 9. Bb3 Qa6 10. Nxf6 exf6 11. d5 Bb4 12. c3 Ne5 13. cxb4 Nd3+ 14. Kf1 Nf4+ 15. Kg1 Ne2+ 16. Kf1 Nc3+ 17. b5 Qxb5+ 0-1


[Site "https://www.chess.com"]

[Event "Titled Tuesday Blitz July 25 Early 2023"]
[White "Bauman_Guy"]
[Black "Chor, Kevin"]
[BlackFideId "2090740"]
[WhiteElo "2750"]
[BlackElo "2535"]
[Result "1-0"]
[Round "6"]
[TimeControl "180+2"]
[Date "2023.07.25"]
[WhiteClock "0:02:29"]
[BlackClock "0:00:42"]
[Board "67"]

1. e4 c5 2. Nf3 Nc6 3. d4 cxd4 4. Nxd4 g6 5. c4 Bg7 6. Be3 Nf6 7. Nc3 O-O 8. Be2 d6 9. O-O Bd7 10. f3 Nxd4 11. Bxd4 a5 12. b3 Bc6 13. Qd2 Nd7 14. Bf2 Nc5 15. Rab1 e6 16. Rfe1 Qe7 17. Bf1 b6 18. Ne2 Rad8 19. Rbd1 f5 20. exf5 gxf5 21. Nd4 Bd7 22. a3 Qf6 23. b4 Nb7 24. f4 Ba4 25. Nxe6 Bxd1 26. Nxd8 Rxd8 27. Qxd1 axb4 28. Qd5+ Kh8 29. axb4 Rb8 30. Bxb6 Qc3 31. Re7 Qxb4 32. Bd4 1-0


[Site "https://www.chess.com"]

[Event "Titled Tuesday Blitz July 25 Early 2023"]
[White "Santos Flores, Alberto"]
[Black "Prohaszka, Peter"]
[WhiteFideId "3601234"]
[BlackFideId "726265"]
[WhiteElo "2533"]
[BlackElo "2742"]
[Result "0-1"]
[Round "6"]
[TimeControl "180+2"]
[Date "2023.07.25"]
[WhiteClock "0:00:00"]
[BlackClock "0:00:01"]
[Board "68"]

1. e4 c6 2. c4 d5 3. cxd5 cxd5 4. exd5 Nf6 5. Qa4+ Nbd7 6. Nc3 g6 7. Bc4 Bg7 8. Nf3 O-O 9. d3 a6 10. Qa3 b6 11. O-O Bb7 12. Re1 Re8 13. h3 b5 14. Bb3 Rc8 15. Be3 Bf8 16. Qb4 Nb6 17. Bxb6 Qxb6 18. a4 e6 19. Qh4 Nxd5 20. Nxd5 exd5 21. axb5 axb5 22. Qf4 h6 23. Ne5 Qe6 24. Ra7 g5 25. Qf3 Rc7 26. d4 Kg7 27. Nd3 Qc8 28. Rxe8 Qxe8 29. h4 Bd6 30. Ra1 Qe4 31. Qxe4 dxe4 32. Ne5 gxh4 33. Kf1 Be7 34. Ra7 Rc1+ 35. Ke2 e3 0-1


[Site "https://www.chess.com"]

[Event "Titled Tuesday Blitz July 25 Early 2023"]
[White "Djordjevic, Vuk"]
[Black "Eynullayev, Atilla"]
[WhiteFideId "902098"]
[BlackFideId "13413570"]
[WhiteElo "2739"]
[BlackElo "2530"]
[Result "1/2-1/2"]
[Round "6"]
[TimeControl "180+2"]
[Date "2023.07.25"]
[WhiteClock "0:00:03"]
[BlackClock "0:00:12"]
[Board "69"]

1. e4 c5 2. Nc3 d6 3. g3 g6 4. Bg2 Nc6 5. d3 Bg7 6. Be3 Rb8 7. Qd2 b5 8. a3 a5 9. Nge2 b4 10. axb4 axb4 11. Nd1 h5 12. h3 Nf6 13. O-O h4 14. g4 Nxg4 15. hxg4 h3 16. Bh1 h2+ 17. Kg2 Bxg4 18. f4 Bh3+ 19. Kf2 e5 20. f5 Qh4+ 21. Ng3 Bxf1 22. Bg5 Qg4 23. Bf3 Qh3 24. Ne3 Nd4 25. Bh1 Bh6 26. Nexf1 gxf5 27. Bg2 Bxg5 28. Qxg5 Qg4 29. Qxg4 fxg4 30. Ne3 Kd7 31. Ra7+ Kc6 32. Ra6+ Rb6 33. Rxb6+ Kxb6 34. c3 bxc3 35. bxc3 Ne6 36. Nxg4 Nf4 37. Bh1 Nxd3+ 38. Kf3 Nf4 39. Nf1 Rh3+ 40. Kf2 Rxc3 41. Ngxh2 c4 42. Ne3 Kc5 43. Nhg4 Ra3 44. Bf3 Ra2+ 45. Kf1 c3 46. Bd1 Nd3 47. Bb3 Ra1+ 48. Kg2 Nb4 49. Kf3 Rb1 50. Bxf7 c2 51. Nxc2 Nxc2 52. Nf6 Nd4+ 53. Ke3 Rb3+ 54. Bxb3 Nxb3 55. Nd7+ Kc6 56. Nf6 Nd4 57. Nd5 Ne6 58. Ne7+ Kd7 59. Nf5 Nc5 60. Kf3 Ke6 61. Ng3 Nb3 62. Ke3 Nd4 63. Nh5 Kd7 64. Kd3 Kc6 65. Kc4 Nf3 66. Nf6 Nd2+ 67. Kd3 Nb3 68. Ke3 Nc5 69. Nd5 Kb5 70. Nc7+ Kc4 71. Nd5 Ne6 72. Nf6 Ng5 73. Ne8 Kc5 74. Nf6 Ne6 75. Ne8 Nd4 76. Kd3 Nc6 77. Kc3 Nd8 78. Nf6 Ne6 79. Nd7+ Kc6 80. Nf6 Nf4 81. Kc4 Kc7 82. Kb5 Kd8 83. Kc6 Ke7 84. Ng4 Ke6 85. Nf2 Ne2 86. Kb5 d5 87. exd5+ Kxd5 88. Ng4 e4 89. Nf6+ Kd4 90. Nxe4 1/2-1/2


[Site "https://www.chess.com"]

[Event "Titled Tuesday Blitz July 25 Early 2023"]
[White "Tokman, Ariel"]
[Black "Bryakin, Mikhail"]
[WhiteFideId "117420"]
[BlackFideId "4165314"]
[WhiteElo "2526"]
[BlackElo "2737"]
[Result "0-1"]
[Round "6"]
[TimeControl "180+2"]
[Date "2023.07.25"]
[WhiteClock "0:00:00"]
[BlackClock "0:00:57"]
[Board "70"]

1. e4 d5 2. Nc3 d4 3. Nce2 c5 4. d3 Nc6 5. Nf3 g6 6. g3 Bg7 7. Bg2 e5 8. O-O Nf6 9. Nd2 O-O 10. a4 Ne8 11. Nc4 Nd6 12. b3 Nxc4 13. bxc4 a5 14. f4 exf4 15. Nxf4 Ne5 16. Nd5 Be6 17. Rb1 Rb8 18. Bd2 Nc6 19. Qc1 Nb4 20. Bg5 f6 21. Bf4 Rc8 22. Qd1 Rc6 23. Rf2 Qd7 24. Bf1 f5 25. exf5 gxf5 26. Bg2 Ra6 27. Nc7 Rb6 28. Nxe6 Rxe6 29. Qf3 b6 30. h4 Rfe8 31. Kh2 Qxa4 32. Bh3 Rf8 33. Bg5 h6 34. Bxf5 Re5 35. Qg4 Qc6 36. Rbf1 hxg5 37. Qh5 Qh6 38. Qxh6 Bxh6 39. Bh7+ Kxh7 40. Rxf8 Bxf8 0-1


[Site "https://www.chess.com"]

[Event "Titled Tuesday Blitz July 25 Early 2023"]
[White "Makkar, Rajat"]
[Black "Fantastic_Power"]
[WhiteFideId "36016810"]
[WhiteElo "2526"]
[BlackElo "2734"]
[Result "0-1"]
[Round "6"]
[TimeControl "180+2"]
[Date "2023.07.25"]
[WhiteClock "0:00:04"]
[BlackClock "0:00:07"]
[Board "71"]

1. d4 Nf6 2. c4 Nc6 3. Nf3 e6 4. Nc3 Bb4 5. Bd2 O-O 6. e3 d6 7. Bd3 Qe7 8. O-O e5 9. Nd5 Nxd5 10. cxd5 Bxd2 11. Nxd2 Nb4 12. Bc4 exd4 13. exd4 c6 14. Re1 Qg5 15. Ne4 Qg6 16. dxc6 Nxc6 17. Bd3 Bf5 18. Re3 Nxd4 19. Rg3 Qh6 20. Ng5 Rfe8 21. Bc4 Ne6 22. Qd5 Qf6 23. h4 h6 24. Nf3 Nf4 25. Qd2 Be4 26. Rd1 d5 27. Bb5 Re7 28. Nd4 Qxh4 29. Re1 Bxg2 30. Rxg7+ Kf8 31. Rxg2 Rxe1+ 32. Qxe1 Nxg2 33. Qb4+ Qe7 34. Qxe7+ Kxe7 35. Kxg2 Kd6 36. Nf5+ Kc5 37. Bd3 h5 38. Be2 Rg8+ 39. Kf1 Rg5 40. Nh6 f6 41. f4 Rg7 42. Nf5 Rh7 43. Kg2 a5 44. Bd3 b5 45. Kh3 a4 46. Nd6 Rg7 47. Nxb5 Rg1 48. Nc3 h4 49. Nxa4+ Kd4 50. Bb5 Rh1+ 51. Kg2 Ra1 52. Nc3 f5 53. Kh3 Rh1+ 54. Kg2 Ra1 55. Be2 Ke3 56. Bf3 d4 57. Nd5+ Kd2 58. a3 d3 59. Nc3 Kc2 60. Na4 d2 61. b4 Re1 62. b5 Re3 63. Bh5 Rg3+ 64. Kf2 Rxa3 65. Nc5 Ra5 66. b6 Rxc5 67. Be2 d1=Q 68. Bxd1+ Kxd1 69. Kg2 Rb5 70. Kh3 Rxb6 71. Kxh4 Rb5 72. Kg5 Kd2 0-1


[Site "https://www.chess.com"]

[Event "Titled Tuesday Blitz July 25 Early 2023"]
[White "Skvortsov, Andrei"]
[Black "Mindhunter08"]
[WhiteFideId "24108600"]
[WhiteElo "2733"]
[BlackElo "2525"]
[Result "1-0"]
[Round "6"]
[TimeControl "180+2"]
[Date "2023.07.25"]
[WhiteClock "0:00:58"]
[BlackClock "0:00:00"]
[Board "72"]

1. e4 e5 2. d4 exd4 3. Qxd4 Nc6 4. Qd3 Nf6 5. Nc3 Bc5 6. Qg3 d6 7. Bg5 h6 8. Qh4 Be6 9. Bd3 Ne5 10. Bxf6 gxf6 11. Nge2 Rg8 12. O-O-O Qe7 13. Nf4 c6 14. h3 O-O-O 15. g4 b5 16. Be2 Qc7 17. Nxe6 fxe6 18. Qxf6 Rde8 19. f4 Rgf8 20. Qxh6 Be3+ 21. Kb1 Bxf4 22. Qh4 b4 23. Na4 Qa5 24. b3 Kc7 25. Rhf1 c5 26. g5 Be3 27. Qh7+ Kb8 28. Qg7 Rxf1 29. Bxf1 Bd4 30. Qh7 Qd8 31. h4 Rh8 32. Qg7 Rxh4 33. Ba6 Qc7 34. Qf8+ 1-0


[Site "https://www.chess.com"]